 Dungeon Crawl Stone Soup version 0.21.1-1-g345015f (webtiles) character file.

462 Hebeh the Chopper (level 6, 0/56 HPs)
             Began as a Minotaur Fighter on June 23, 2018.
             Slain by a human zombie (1 damage)
             ... in an ossuary.
             The game lasted 00:07:16 (2527 turns).

Hebeh the Chopper (Minotaur Fighter)                Turns: 2527, Time: 00:07:17

Health: 0/56       AC:  7    Str: 27    XL:     6   Next: 79%
Magic:  5/5        EV:  8    Int:  5    God:
Gold:   125        SH: 10    Dex: 10    Spells: 5/5 levels left

rFire    . . .     SeeInvis .   a - +0 war axe
rCold    . . .     Gourm    .   c - +0 shield
rNeg     . . .     Faith    .   b - +0 scale mail
rPois    .         Spirit   .   (helmet restricted)
rElec    .         Reflect  .   (no cloak)
rCorr    .         Harm     .   (no gloves)
MR       .....                  (no boots)
Stlth    ..........             (no amulet)
HPRegen  0.18/turn              (no ring)
MPRegen  0.09/turn              (no ring)

@: mighty
A: retaliatory headbutt, horns 2
a: no special abilities


You were in an ossuary.
You were not hungry.

You visited 1 branch of the dungeon, and saw 4 of its levels.
You also visited: Ossuary.

You collected 125 gold pieces.

Inventory:

Hand Weapons
 a - a +0 war axe (weapon)
Armour
 b - a +0 scale mail (worn)
 c - a +0 shield (worn)
 v - a +0 plate armour
Jewellery
 n - an uncursed ring of positive energy {unknown}
 o - an uncursed ring of wizardry {unknown}
 q - an uncursed amulet of rage {unknown}
 z - an uncursed ring of protection from cold {unknown}
Wands
 g - a wand of polymorph (8)
Scrolls
 e - a scroll of random uselessness {unknown}
 h - 4 scrolls of remove curse {unknown}
 i - 3 scrolls of teleportation {unknown}
 k - a scroll of fog {unknown}
 m - 2 scrolls of amnesia
 r - 6 scrolls of identify {unknown}
 s - 2 scrolls of enchant armour {unknown}
 w - a scroll of enchant weapon {unknown}
 y - a scroll of fear {unknown}
Potions
 j - a potion of curing {unknown}
 l - 3 potions of haste {unknown}
 p - 2 potions of berserk rage {unknown}
 t - a potion of invisibility {unknown}
 u - a potion of flight {unknown}
 x - a potion of heal wounds {unknown}
Comestibles
 f - 5 rations


   Skills:
 + Level 5.1 Fighting
 * Level 5.9 Axes
 + Level 5.3 Armour
 + Level 5.2 Shields


You had 5 spell levels left.
You didn't know any spells.

Dungeon Overview and Level Annotations

Branches:
Dungeon (4/15)
 Temple: D:4-7

Altars:
Elyvilon
Gozag
Xom


Innate Abilities, Weirdness & Mutations

You reflexively headbutt those who attack you in melee.
You have a pair of horns on your head.


Message History

The elf zombie is lightly damaged.
You hit the mummy. You hit the human zombie. You closely miss the human zombie.
You block the elf zombie's attack. The human zombie closely misses you.
The mummy barely misses you. The human zombie barely misses you.
You furiously retaliate!
You headbutt the human zombie. You slash the elf zombie!
You headbutt the elf zombie.
The elf zombie is moderately damaged.
You slash the human zombie!
Your shield prevents you from hitting the human zombie.
You hit the mummy but do no damage. You block the elf zombie's attack.
The human zombie hits you. You block the human zombie's attack.
The mummy hits you!
* * * LOW HITPOINT WARNING * * *
As you read the scroll labeled XUMOYX OMIZI, it crumbles to dust.
It is a scroll of amnesia.
You feel forgetful for a moment. You block the elf zombie's attack.
You block the human zombie's attack.
You feel very mighty all of a sudden. The human zombie hits you.
You die...

#.......# #.......#
##.....## ###.###
#'# ###.### ####
##.....## ##...##
#.......# #Z....#
##...∩...###@M...##
+...∩∩∩...'.ZZ....#
##...∩...###.....##
#.......# #.....#
##.....## ##...##
###.### #### #+#


You could see a mummy, an elf zombie and 2 human zombies.

Vanquished Creatures
  An elf zombie (Ossuary)
  A centaur zombie (Ossuary)
  3 human zombies (Ossuary)
  A bullfrog skeleton (D:4)
  Natasha (thrice) (D:3)
  2 mummies
  Robin (D:2)
  3 adders
  An ooze (D:2)
  An adder skeleton (D:2)
  2 worms (D:2)
  4 dart slugs
  A leopard gecko (D:1)
  10 orcs (D:3)
  A bat zombie (D:2)
  4 giant cockroaches
  9 goblins
  7 hobgoblins
  6 jackals
  2 quokkas
  A ball python (D:3)
  8 bats
  6 frilled lizards
  2 kobolds
  A leopard gecko zombie (D:2)
  8 rats
89 creatures vanquished.

Notes
Turn   | Place    | Note
-------+----------+-------------------------------------------
     0 | D:1      | Hebeh the Minotaur Fighter began the quest for the Orb.
     0 | D:1      | Reached XP level 1. HP: 19/19 MP: 0/0
   204 | D:1      | Reached XP level 2. HP: 26/27 MP: 1/1
   599 | D:1      | Found a shimmering altar of Xom.
   656 | D:2      | Reached XP level 3. HP: 33/33 MP: 2/2
   672 | D:2      | Found an opulent altar of Gozag.
   884 | D:2      | Noticed Robin
   896 | D:2      | Reached XP level 4. HP: 35/40 MP: 3/3
   900 | D:2      | Killed Robin
  1425 | D:3      | Noticed Natasha
  1436 | D:3      | Killed Natasha
  1538 | D:3      | Found a white marble altar of Elyvilon.
  1593 | D:3      | Reached XP level 5. HP: 47/47 MP: 4/4
  1608 | D:3      | Noticed Natasha
  1612 | D:3      | Killed Natasha
  1721 | D:3      | Noticed Natasha
  2161 | D:3      | Killed Natasha
  2243 | D:4      | Reached skill level 5 in Axes
  2247 | D:4      | Found a sand-covered staircase.
  2296 | Ossuary  | Entered an ossuary
  2309 | Ossuary  | Reached XP level 6. HP: 44/55 MP: 5/5
  2315 | Ossuary  | Reached skill level 5 in Armour
  2319 | Ossuary  | Reached skill level 5 in Shields
  2321 | Ossuary  | Reached skill level 5 in Fighting
  2525 | Ossuary  | HP: 1/56 [mummy (17)]
  2527 | Ossuary  | Slain by a human zombie

Skill      XL: |  1  2  3  4  5  6 |
---------------+-------------------+-----
Axes           | 3 4 5 |  5.9
Fighting       | 4 5 |  5.1
Armour         | 4 5 |  5.3
Shields        | 4 5 |  5.2

Action                   |  1- 3 |  4- 6 || total
-------------------------+-------+-------++-------
Melee: War axe           |    63 |   128 ||   191
       Headbutt          |     9 |    31 ||    40
  Use: Scroll            |       |     1 ||     1
       Potion            |       |     1 ||     1
  Eat: Chunk             |       |     3 ||     3
       Ration            |       |     1 ||     1
Armor: Scale mail        |    44 |    70 ||   114
Dodge: Dodged            |    38 |    52 ||    90
Block: Shield            |    47 |    84 ||   131
